 Dungeon Crawl Stone Soup version 0.29.0-15-g675c0067aa (webtiles) character file.

Game seed: 12708891496306928502

2 qw the Sneak (level 1, 0/14 HPs)
             Began as a Gargoyle Delver on Sept 11, 2022.
             Slain by Grinder (3 damage)
             ... while paralysed by Grinder
             ... on level 4 of the Dungeon.
             The game lasted 00:00:05 (164 turns).

qw the Sneak (Gargoyle Delver)                       Turns: 164, Time: 00:00:05

Health: 0/14       AC:  5    Str: 15    XL:     1   Next: 40%
Magic:  1/1        EV:  2    Int: 10    God:
Gold:   36         SH:  0    Dex: 11    Spells: 0/0 levels left

rFire   . . .      SeeInvis .   a - +0 hand axe
rCold   . . .      Faith    .   (no shield)
rNeg    + . .      Spirit   .   b - +0 leather armour
rPois   inf        Reflect  .   (no helmet)
rElec   +          Harm     .   (no cloak)
rCorr   .          Rampage  .   (no gloves)
Will    .....                   (no boots)
Stlth   +++.......              (no amulet)
HPRegen 0.04/turn               (no ring)
MPRegen 0.07/turn               (no ring)

@: paralysed
A: sickness immunity, AC +2, negative energy resistance 1, electricity
resistance, torment resistance 1, petrification resistance
a: no special abilities


You were on level 4 of the Dungeon.
You visited 1 branch of the dungeon, and saw 2 of its levels.

You collected 36 gold pieces.


Innate Abilities, Weirdness & Mutations

You are immune to sickness and miasma.
Your stone body is resilient. (AC +2)
You are immune to poison.
You resist negative energy. (rN+)
You are resistant to electric shocks. (rElec)
You are resistant to unholy torment.
You are immune to petrification.


   Skills:
 - Level 3.2 Fighting
 + Level 2.0 Axes
 - Level 1.5 Dodging
 - Level 5.4 Stealth


You couldn't memorise any spells.
You didn't know any spells.
Your spell library was empty.

Inventory:

Hand Weapons
 a - a +0 hand axe (weapon)
Armour
 b - a +0 leather armour (worn)
Wands
 g - a wand of digging (3)
Scrolls
 c - a scroll of identify {unknown}
Potions
 f - a potion of haste

Dungeon Overview and Level Annotations

Branches:
Dungeon (5/15)
 Temple: D:4-7

Altars:
Dithmenos

Annotations:
D:4 Grinder


Message History

Enter note:
Enter note: You now have 12 gold pieces.
Found a shadowy altar of Dithmenos.
Enter note: A quokka comes into view.
The quokka bites you but does no damage.
You hit the quokka.
The quokka is severely wounded.
The quokka bites you but does no damage. x2
You hit the quokka.
You kill the quokka!
There is a shadowy altar of Dithmenos here.
You now have 19 gold pieces (gained 7).
You now have 31 gold pieces (gained 12).
A giant cockroach comes into view.
111 ||| Stepping ~*~*~tactically~*~*~ (stealth).
You hit the giant cockroach.
The giant cockroach is heavily wounded.
The giant cockroach bites you.
You hit the giant cockroach.
You kill the giant cockroach!
Your Axes skill increases to level 2!
You start resting.
HP restored.
You now have 36 gold pieces (gained 5).
c - a scroll labelled GYANWAINNIOM Grinder comes into view.
Enter note: A worm comes into view.
Found a weird runed staff.
The helpless Grinder fails to defend herself.
You hit Grinder but do no damage. Grinder gestures at you.
Pain shoots through your body! Grinder hits you.
You writhe in agony.
You closely miss Grinder. Grinder gestures at you.
You suddenly lose the ability to move!
Grinder hits you.
You die...

#.... ###.... ##....
#..... ####...##
#....####.##...##
###...##.#....####
##.w..........#..~~ .
##..#..........#¤~.¤
....#..............#.~.~
.......@...........#.¤~.
..#...5............#.¤¤.
#..................#.¤~.
##|.......[........#¤¤.¤
+#...#............#.~..
##...............#..~~
#..............!..####
................... .
#.. .


You could see Grinder and a worm.

Vanquished Creatures
  A giant cockroach (D:4)
  A quokka (D:4)
2 creatures vanquished.

Notes
Turn   | Place    | Note
-------+----------+-------------------------------------------
     0 | D:5      | qw the Gargoyle Delver began the quest for the Orb.
     0 | D:5      | Reached XP level 1. HP: 14/14 MP: 1/1
     0 | D:5      | 0 ||| qw: Version: 0.1-a-118-gb4e7ce6
     0 | D:5      | 0 ||| qw: Game counter: 10253
     0 | D:5      | 0 ||| qw: Always use a shield: true
     0 | D:5      | 0 ||| qw: God list: Okawaru
     0 | D:5      | 0 ||| qw: Allow faded altars: false
     0 | D:5      | 0 ||| qw: Do Orc after D:15 true
     0 | D:5      | 0 ||| qw: Do second Lair branch before Depths: true
     0 | D:5      | 0 ||| qw: Lair rune preference: random
     0 | D:5      | 0 ||| qw: Plans: Normal
     0 | D:5      | 0 ||| PLANNING D:1-11
     0 | D:5      | 0 ||| DROPPING scroll of fog.
     1 | D:5      | 1 ||| DROPPING scroll of magic mapping.
     2 | D:5      | 2 ||| DROPPING scroll of fear.
     6 | D:5      | Noticed an iguana
     7 | D:5      | 7 ||| FLEEEEING.
     8 | D:5      | 8 ||| FLEEEEING.
     9 | D:5      | 9 ||| FLEEEEING.
    10 | D:5      | 10 ||| STAIRDANCE
    75 | D:4      | Found a shadowy altar of Dithmenos.
   111 | D:4      | 111 ||| Stepping ~*~*~tactically~*~*~ (stealth).
   155 | D:4      | Noticed Grinder
   162 | D:4      | HP: 3/14 [Grinder (2)]
   163 | D:4      | Paralysed by Grinder for 5 turns
   164 | D:4      | Slain by Grinder

Levels and vault maps discovered:
D:4:      lemuel_castle_with_subvaults [lemuel_castle_interior_carwin_1],
          layout_cave_pools, mainiacjoe_overflow_paths,
          mainiacjoe_overflow_six_doors_small, nemelex_diamond_rough_becter,
          uniq_grinder
D:5:      layout_cave_pools, minmay_temple_entry_glass,
          biasface_ghost_orc_armoury, serial_shops, nicolae_shop_behind_doors,
          hangedman_abyss_or_decor_slice

Skill      XL: |  1 |
---------------+----+-----
Axes           | 2 |  2.0
Fighting       | |  3.2
Dodging        | |  1.5
Stealth        | |  5.4

Action                   || total
-------------------------++-------
Melee: Hand axe          ||     6
 Stab: Sleeping          ||     1
Armor: Leather armour    ||     3

Table legend:
 A = Non-vault XP
 B = Vault XP
 C = Vault XP percentage of total XP
 D = Non-vault monster count
 E = Vault monster count
 F = Vault count percentage of total count
                 A         B        C        D         E       F
            +---------+---------+-------+---------+---------+-------
      Total |       4 |       0 |   0.0 |       2 |       0 |   0.0
            +---------+---------+-------+---------+---------+-------
        D:4 |       4 |       0 |   0.0 |       2 |       0 |   0.0
            +---------+---------+-------+---------+---------+-------
